 Dungeon Crawl Stone Soup version 0.31.0-9-g3a7656b989 (webtiles) character file.

Game seed: 16801585578620274554

483 Hopman the Trooper (level 7, -1/61 HPs)
             Began as a Hill Orc Fighter on Jan 25, 2024.
             Was a Priest of Makhleb.
             Slain by a sky beast (5 damage)
             ... on level 5 of the Dungeon.
             The game lasted 00:06:12 (3319 turns).

Hopman the Trooper (Hill Orc Fighter)               Turns: 3319, Time: 00:06:13

Health: -1/61      AC:  9    Str: 21    XL:     7   Next: 12%
Magic:  9/9        EV:  8    Int: 14    God:    Makhleb [***...]
Gold:   229        SH:  4    Dex: 10    Spells: 6/6 levels left

rFire   . . .        a - +0 war axe
rCold   . . .        c - +0 buckler
rNeg    . . .        e - +0 chain mail
rPois   .            (no helmet)
rElec   .            (no cloak)
rCorr   .            (no gloves)
SInv    .            (no boots)
Will    .....        (no amulet) Stlth
                     g - +6 ring of intelligence
HPRegen 0.30/turn    (no ring)
MPRegen 0.11/turn

%: no passive effects
@: no status effects
A: no striking features
a: Renounce Religion, Minor Destruction, Lesser Servant of Makhleb


You were on level 5 of the Dungeon.
You worshipped Makhleb.
Makhleb was most pleased with you.
You visited 1 branch of the dungeon, and saw 5 of its levels.

You collected 229 gold pieces.

Inventory:

Hand Weapons
 a - a +0 war axe (weapon)
Missiles
 d - 13 boomerangs (quivered)
Armour
 b - a +0 scale mail
 c - a +0 buckler (worn)
 e - a +0 chain mail (worn)
Jewellery
 g - a +6 ring of intelligence (left hand)
Scrolls
 f - 3 scrolls of identify {unknown}
 k - 4 scrolls of teleportation {unknown}
 n - a scroll of poison {unknown}
 o - a scroll of blinking {unknown}
 p - a scroll of fear {unknown}
Potions
 h - 2 potions of brilliance {unknown}
 i - a potion of haste {unknown}
 j - a potion of enlightenment {unknown}
 l - 2 potions of curing {unknown}
 m - a potion of berserk rage {unknown}


   Skills:
 * Level 5.2 Fighting
 * Level 5.0 Axes
 + Level 1.2 Throwing
 * Level 4.8 Armour
 * Level 4.7 Shields
 * Level 3.3 Invocations


You had 6 spell levels left.
You didn't know any spells.
Your spell library contained the following spells:

 Spells                   Type           Power      Damage    Failure   Level
 Blink                    Tloc           0%         N/A       98%         2
 Call Imp                 Summ           0%         N/A       98%         2
 Lesser Beckoning         Tloc           0%         N/A       98%         2
 Momentum Strike          Conj/Tloc      0%         3d8       98%         2
 Sublimation of Blood     Necr           0%         N/A       98%         2
 Summon Hydra             Summ           0%         N/A       100%        7


Dungeon Overview and Level Annotations

Branches:
Dungeon (5/15)
 Temple: D:4-7

Altars:
Cheibriados
Makhleb
Trog
Uskayaw

Shops:
D:4 (


Message History

You kill the scorpion!
Makhleb accepts your kill.
You feel better.
You feel very sick. Something hits you but does no damage.
Your Axes skill increases to level 5!
You have reached level 7!
You feel sick. Something hits you. Something shocks you.
You feel sick. Something hits you but does no damage.
You see here a +0 spear.
You feel sick.
You feel sick.
You feel sick.
You feel sick.
You are no longer poisoned.
A sky beast appears from thin air!
Reactivating autopickup.
You closely miss the sky beast.
The sky beast hits you but does no damage.
You barely miss the sky beast.
The sky beast flickers out of sight!
Deactivating autopickup; reactivate with Ctrl-A.
Something hits you but does no damage.
You miss something. Something hits you.
* * * LOW HITPOINT WARNING * * *
Something shocks you.
* * * LOW HITPOINT WARNING * * *
A sky beast appears from thin air!
Reactivating autopickup.
The sky beast attacks as it pursues you!
The sky beast hits you but does no damage.
You closely miss the sky beast.
The sky beast flickers out of sight!
Deactivating autopickup; reactivate with Ctrl-A.
Something hits you.
* * * LOW HITPOINT WARNING * * *
Something shocks you.
* * * LOW HITPOINT WARNING * * *
You miss something. Something hits you.
* * * LOW HITPOINT WARNING * * *
Something shocks you.
You die...

#.....#.#.#.#.#
#.###.#.#.#.#.# #.#
#.#.#.#.#.# #.#
#.#.#.#.#.#
#.###.#.#.#.#.######
#>..................
#.###.#...#.........
#.#
#.##########.####
#.#
#..@{...#....†††#
###
######.##..†....#
#§##......†###
#......_.....#
####.......#
#.......# #.†.....#
.. ####)####...
####.##.....


There were no monsters in sight!

Vanquished Creatures
  3 scorpions
  4 hounds
  Crazy Yiuf (D:2)
  A mummy (D:4)
  5 adders
  A dart slug (D:2)
  5 ribbon worms
  4 orcs (D:3)
  6 ball pythons
  13 endoplasms
  5 giant cockroaches
  4 goblins (D:2)
  9 hobgoblins
  8 kobolds
  A quokka (D:1)
  7 bats
  5 frilled lizards
  3 kobold zombies (D:4)
  An orc zombie (D:4)
  4 rats (D:1)
90 creatures vanquished.

Notes
Turn   | Place    | Note
-------+----------+-------------------------------------------
     0 | D:1      | Hopman the Hill Orc Fighter began the quest for the Orb.
     0 | D:1      | Reached XP level 1. HP: 19/19 MP: 1/1
    59 | D:1      | Reached XP level 2. HP: 21/27 MP: 2/2
   340 | D:1      | Found a faded altar of an unknown god.
   351 | D:1      | Prayed at the altar of an unknown god.
   351 | D:1      | Became a worshipper of Makhleb the Destroyer
   351 | D:1      | Reached * piety under Makhleb
   649 | D:1      | Reached XP level 3. HP: 28/33 MP: 3/3
  1070 | D:2      | Reached XP level 4. HP: 40/40 MP: 4/4
  1192 | D:2      | Reached skill level 1 in Invocations
  1531 | D:2      | Reached ** piety under Makhleb
  1605 | D:2      | Found a runed translucent door.
  1606 | D:2      | Noticed Crazy Yiuf
  1614 | D:2      | Killed Crazy Yiuf
  1818 | D:2      | Reached XP level 5. HP: 44/47 MP: 6/6
  2579 | D:4      | Found Fempu's Weapon Boutique.
  2592 | D:4      | Reached XP level 6. HP: 49/55 MP: 7/7
  2757 | D:4      | Reached skill level 5 in Fighting
  2848 | D:4      | Found a snail-covered altar of Cheibriados.
  2854 | D:4      | Found a bloodstained altar of Trog.
  2993 | D:4      | Reached skill level 1 in Throwing
  3230 | D:5      | Entered Level 5 of the Dungeon
  3255 | D:5      | Reached *** piety under Makhleb
  3282 | D:5      | Found a hide-covered altar of Uskayaw.
  3292 | D:5      | Noticed a sky beast
  3303 | D:5      | Reached skill level 5 in Axes
  3303 | D:5      | Reached XP level 7. HP: 32/61 MP: 9/9
  3319 | D:5      | Slain by a sky beast

Illustrated notes

Levels and vault maps discovered:
D:1:      dpeg_arrival_long_road, layout_loops_cross,
          ebering_ecumenical_altar_rust
D:2:      layout_basic, minmay_misc_feat_pillars, uniq_crazy_yiuf_cottage
D:3:      layout_loops_ring, serial_park_tiny_2
D:4:      layout_rooms, mainiacjoe_overflow_concentric_impassable,
          mainiacjoe_overflow_boulevard, serial_shops,
          nicolae_shop_bloodbath_and_beyond, serial_bayou_pond_d,
          minmay_mini_ossuary
D:5:      layout_basic, makhleb_blood_cavern_becter,
          nicolae_uskayaw_murder_on_the_dancefloor, tso_metal_star,
          uniq_sigmund, uniq_blork_the_orc

Skill      XL: |  1  2  3  4  5  6 |
---------------+-------------------+-----
Axes           | 3 4 5 |  5.0
Fighting       | 4 5 |  5.2
Invocations    | 1 2 3 |  3.3
Armour         | 4 |  4.8
Shields        | 4 |  4.7
Throwing       | 1 |  1.2

Action                     |  1- 3 |  4- 6 |  7- 9 || total
---------------------------+-------+-------+-------++-------
  Melee: War axe           |   102 |   204 |     5 ||   311
  Throw: Boomerang         |       |    42 |       ||    42
    Use: Potion            |       |     1 |       ||     1
 Armour: Scale mail        |    10 |       |       ||    10
         Chain mail        |    75 |   194 |     8 ||   277
  Dodge: Dodged            |    51 |   108 |       ||   159
  Block: Buckler           |    28 |    56 |       ||    84
